 Dungeon Crawl Stone Soup version 0.30.1-3-gfc49f6343a (webtiles) character file.

Game seed: 17563897851725258577

270299 Peloso the Hoplite (level 19, -34/187 HPs)
             Began as a Minotaur Fighter on July 23, 2023.
             Was the Champion of Okawaru.
             Killed from afar by a deep elf annihilator (46 damage)
             ... with a crystal spear
             ... on level 3 of the Elven Halls.
             The game lasted 02:01:58 (40660 turns).

Peloso the Hoplite (Minotaur Fighter)              Turns: 40660, Time: 02:01:59

Health: -34/187    AC: 47    Str: 26    XL:     19   Next: 42%
Magic:  28/28      EV:  9    Int:  8    God:    Okawaru [******]
Gold:   2224       SH: 17    Dex: 13    Spells: 18/18 levels left

rFire   + . .        a - +3 scimitar of Tortfeasance {spect, rPois rCorr}
rCold   + + .        d - +1 kite shield {reflect}
rNeg    + . .        u - +12 crystal plate armour of a wizard's laboratory {SInv}
rPois   +            (helmet restricted)
rElec   +            F - scarf of the Tundras {rC+ rF+, rElec MP+9 Stlth+}
rCorr   +            Z - +1 pair of gloves "Fumnib" {rN+ Int+3 Slay+3}
SInv    +            O - +0 pair of boots of Responsibility {Regen+}
Will    ++...        (no amulet) Stlth
                     s - ring of willpower
HPRegen 1.31/turn    D - +4 ring of protection
MPRegen 0.21/turn

%: reflection
@: about to teleport
A: horns 2, retaliatory headbutt, cold resistance 1
}: 2/15 runes: barnacled, gossamer
a: Renounce Religion, Heroism, Finesse, Duel


You were on level 3 of the Elven Halls.
You worshipped Okawaru.
Okawaru was exalted by your worship.
You visited 8 branches of the dungeon, and saw 35 of its levels.

You collected 3411 gold pieces.
You spent 1187 gold pieces at shops.

Inventory:

Hand Weapons
 a - the +3 scimitar of Tortfeasance (weapon) {spect, rPois rCorr}
   (Okawaru gifted it to you on level 12 of the Dungeon)

   rPois:     It protects you from poison.
   rCorr:     It protects you from acid and corrosion.
 b - a +1 scimitar of flaming
 c - the +3 double sword of Youthful Indiscretion {heavy, rF+ rC+ rN+}
   (Okawaru gifted it to you on level 1 of the Vaults)

   rF:        It protects you from fire.
   rC:        It protects you from cold.
   rN:        It protects you from negative energy.
Missiles
 y - 2 throwing nets (quivered)
Armour
 d - a +1 kite shield of reflection (worn)
 u - the +12 crystal plate armour of a wizard's laboratory (worn) {SInv}
   (Okawaru gifted it to you on level 4 of the Lair of Beasts)

   SInv:      It lets you see invisible.
 F - the scarf of the Tundras (worn) {rC+ rF+, rElec MP+9 Stlth+}
   (Okawaru gifted it to you on level 14 of the Dungeon)

   rElec:     It insulates you from electricity.
   MP:        It affects your magic capacity (+9).
   Stlth:     It makes you more stealthy.
 O - the +0 pair of boots of Responsibility (worn) {Regen+}
   (Okawaru gifted it to you on level 2 of the Lair of Beasts)

   Regen:     It increases your rate of health regeneration.
 Z - the +1 pair of gloves "Fumnib" (worn) {rN+ Int+3 Slay+3}
   (Okawaru gifted it to you on level 5 of the Lair of Beasts)

   Int:       It affects your intelligence (+3).
   Slay:      It affects your accuracy & damage with ranged weapons and melee
   (+3).
   rN:        It protects you from negative energy.
Jewellery
 f - an amulet of the acrobat
 k - a +5 ring of evasion
 l - a ring of protection from cold
 m - a ring of willpower
 s - a ring of willpower (left hand)
 D - a +4 ring of protection (right hand)
Wands
 v - a wand of acid (15)
Scrolls
 g - 3 scrolls of poison
 i - 7 scrolls of magic mapping
 j - 9 scrolls of teleportation
 t - a scroll of acquirement
 H - 7 scrolls of fear
 I - 2 scrolls of blinking
 W - 8 scrolls of immolation
Potions
 e - 2 potions of mutation
 h - 8 potions of flight
 p - 5 potions of might
 w - 18 potions of curing
 z - 4 potions of invisibility
 A - 5 potions of resistance
 Q - 2 potions of berserk rage
 R - 3 potions of haste


   Skills:
 + Level 20.5 Fighting
 + Level 20.8 Long Blades
 + Level 20.1 Armour
 + Level 6.8 Dodging
 + Level 6.4 Stealth
 + Level 21.7 Shields
 + Level 2.6 Invocations
 + Level 1.8 Evocations


You had 18 spell levels left.
You didn't know any spells.
Your spell library contained the following spells:

 Spells                   Type           Power      Damage    Failure   Level
 Freeze                   Ice            0%         1d3       100%        1
 Kiss of Death            Conj/Necr      0%         2d5       100%        1
 Necrotise                Necr           0%         1d4       100%        1
 Sandblast                Erth           0%         2d4       100%        1
 Cigotuvi's Dreadful Rot  Necr/Pois/Air  0%         N/A       100%        2
 Lesser Beckoning         Tloc           0%         N/A       100%        2
 Passwall                 Tmut/Erth      0%         N/A       100%        2
 Sublimation of Blood     Necr           0%         N/A       100%        2
 Confusing Touch          Hex            0%         N/A       100%        3
 Dazzling Flash           Conj/Hex       0%         N/A       100%        3
 Frozen Ramparts          Ice            0%         1d1       100%        3
 Gell's Gravitas          Tloc           0%         N/A       100%        3
 Hailstorm                Conj/Ice       0%         3d3       100%        3
 Ozocubu's Armour         Ice            0%         N/A       100%        3
 Stone Arrow              Conj/Erth      0%         3d7       100%        3
 Teleport Other           Tloc           0%         N/A       100%        3
 Vampiric Draining        Necr           0%         2d6       100%        3
 Vhi's Electric Charge    Tloc/Air       0%         N/A       100%        3
 Volatile Blastmotes      Fire/Tloc      0%         2d10      100%        3
 Dispel Undead            Necr           0%         3d6       100%        4
 Ice Form                 Ice/Tmut       0%         N/A       100%        4
 Iskenderun's Mystic Bla  Conj/Tloc      0%         2d3       100%        4
 Leda's Liquefaction      Hex/Erth       0%         N/A       100%        4
 Manifold Assault         Tloc           0%         N/A       100%        4
 Olgreb's Toxic Radiance  Pois           0%         N/A       100%        4
 Petrify                  Tmut/Erth      0%         N/A       100%        4
 Agony                    Necr           0%         N/A       100%        5
 Arcjolt                  Conj/Air       0%         1d10      100%        5
 Blade Hands              Tmut           0%         N/A       100%        5
 Irradiate                Conj/Tmut      0%         3d11      100%        5
 Lee's Rapid Deconstruct  Erth           0%         3d4*      100%        5
 Metabolic Englaciation   Hex/Ice        0%         N/A       100%        5
 Silence                  Hex/Air        0%         N/A       100%        5
 Dispersal                Tloc           0%         N/A       100%        6
 Plasma Beam              Fire/Air       0%         2x1d11    100%        6
 Starburst                Conj/Fire      0%         6d3       100%        6
 Statue Form              Tmut/Erth      0%         N/A       100%        6
 Dragon Form              Tmut           0%         N/A       100%        7
 Orb of Destruction       Conj           0%         9d5       100%        7
 Discord                  Hex            0%         N/A       100%        8
 Disjunction              Tloc           0%         N/A       100%        8
 Ignition                 Fire           0%         3d3       100%        8
 Summon Guardian Golem    Hex/Summ       Unusable   N/A       N/A         3
 Death Channel            Necr           Unusable   N/A       N/A         6
 Simulacrum               Ice/Necr       Unusable   N/A       N/A         6
 Spellforged Servitor     Conj/Summ      Unusable   N/A       N/A         7

Dungeon Overview and Level Annotations

Branches:
Dungeon (15/15)            Temple (1/1) D:4            Lair (5/5) D:10
 Shoals (4/4) Lair:2       Spider (4/4) Lair:3        Slime (0/5) Lair:4
    Orc (2/2) D:12            Elf (3/3) Orc:2        Vaults (1/5) D:14
 Depths (0/4) D:15

Altars:
Ashenzari
Cheibriados
Dithmenos
Elyvilon
Fedhas
Gozag
Hepliaklqana
Kikubaaqudgha
Makhleb
Nemelex Xobeh
Okawaru
Qazlal
Ru
Sif Muna
Trog
Uskayaw
Vehumet
Wu Jian
Xom
Yredelemnul
Zin
The Shining One
Jiyva

Shops:
D:1 (   D:2 ?   Orc:2 [(**   Elf:1 (   Elf:2 (   Shoals:1 (:[

Portals:
Trove: Vaults:1 (give 8 potions of haste)

Annotations:
D:10 exclusion: orange crystal statue
D:14 Casa
Shoals:3 3 runed translucent doors, Graphine's ghost, journeyman MfGl
Elf:2 3 runed translucent doors


Innate Abilities, Weirdness & Mutations

You have a pair of horns on your head.
You reflexively headbutt those who attack you in melee.
Your flesh is cold resistant. (rC+)


Message History

Okawaru accepts your kill.
The blizzard demon disappears in a puff of smoke!
The reaper disappears in a puff of smoke!
The chaos spawn degenerates into a cloud of primal chaos!
The hell beast disappears in a puff of smoke!
The ynoxinul disappears in a puff of smoke!
The hellwing disappears in a puff of smoke!
Your +3 scimitar of Tortfeasance {spect, rPois rCorr} disappears.
The deep elf annihilator points at you and mumbles some strange words.
The bolt of lightning hits you. You resist.
You hear a shout! x5
Unknown command.
As you read the scroll of teleportation, it crumbles to dust.
You feel strangely unstable. The deep elf high priest misses you.
You furiously retaliate!
You headbutt the deep elf high priest.
A deep elf zephyrmancer comes into view.
It is wielding a +0 dagger.
The deep elf annihilator points at you and mumbles some strange words.
The bolt of lightning hits you! You resist.
* * * LOW HITPOINT WARNING * * *
You block the deep elf annihilator's attack.
You hear a shout! x3
You slash the deep elf high priest! You headbutt the deep elf high priest!
The deep elf high priest is heavily wounded.
Your +3 scimitar of Tortfeasance {spect, rPois rCorr} barely misses the deep elf high priest.
You block the deep elf high priest's attack.
The deep elf annihilator gestures at you while chanting.
The bolt of lightning hits you! You resist.
* * * LOW HITPOINT WARNING * * *
The deep elf annihilator hits you but does no damage.
You hear a shout! x2
You closely miss the deep elf high priest.
The deep elf high priest is heavily wounded.
Your +3 scimitar of Tortfeasance {spect, rPois rCorr} hits the deep elf high priest but does no damage.
The deep elf annihilator gestures at you while chanting.
The crystal spear misses your +3 scimitar of Tortfeasance {spect, rPois rCorr}.
The crystal spear hits you!!
* * * LOW HITPOINT WARNING * * *
The deep elf annihilator casts a spell at you.
The crystal spear hits you!!!
You die...

## #..# .# #..# ##
#..# ########
##..# #......#
#e..# #......#
#e### #..?..##
###.§## ##...##
##.#§(e## ##.##
#...)@..# #'#
#...).#e.# #.#
##.)).# ..#
###.#########..).#
..#
..........)...)..#
..#
###.#####..###).##
.# #.# #.## #.## #
#.# #.# #.# #.#
###'####'##


You could see 2 deep elf annihilators, a deep elf high priest (brilliance aura),
a deep elf zephyrmancer (empowered) and a friendly +3 scimitar of Tortfeasance
{spect, rPois rCorr}.

Vanquished Creatures
  Mara (Spider:4)
  Nikola (Shoals:2)
  Jorgrun (Spider:1)
  Rupert (D:14)
  2 deep elf blademasters (Elf:3)
  Mlioglotl (Shoals:1)
  A storm dragon (Shoals:4)
  A tengu reaver (Vaults:1)
  Donald (Shoals:2)
  Roxanne (Elf:2)
  Ilsuiw (Shoals:2)
  A deep elf sorcerer (Elf:3)
  3 emperor scorpions
  6 vault wardens (Vaults:1)
  Aizul (Elf:3)
  A ghost moth (Spider:4)
  2 deep elf elementalists (Elf:3)
  3 orc warlords
  3 very ugly things (Vaults:1)
  3 ironbound preservers (Vaults:1)
  2 broodmothers
  4 deep elf demonologists
  The ghost of raetorn the Severer, a journeyman HOMo of Zin (Lair:1)
  5 ironbound thunderhulks (Vaults:1)
  A deep elf annihilator (Elf:1)
  Snorg (Lair:4)
  3 spark wasps (Spider:4)
  An ettin (Orc:2)
  5 merfolk javelineers
  2 deep elf death magi
  3 entropy weavers
  2 great orbs of eyes (Vaults:1)
  Josephine (Shoals:1)
  10 merfolk impalers
  2 deep elf high priests
  4 yaktaur captains (Vaults:1)
  Harold (D:9)
  4 vault guards (Vaults:1)
  A catoblepas (Lair:5)
  3 alligator snapping turtles (Shoals:4)
  An ogre mage (D:15)
  4 merfolk avatars (Shoals:4)
  5 radroaches
  4 hydras
  7 boulder beetles
  3 ironbound frosthearts (Vaults:1)
  7 merfolk aquamancers
  3 satyrs
  10 centaur warriors
  4 tengu warriors
  A deep troll shaman (Lair:5)
  12 dancing weapons
  10 two-headed ogres
  12 death yaks (Lair:5)
  2 orc high priests
  Urug (Lair:5)
  A hell knight (Vaults:1)
  5 deep elf knights
  A sun moth (Spider:4)
  6 pharaoh ants
  2 skysharks
  5 sea snakes
  9 orb spiders
  Pikel (D:8)
  A wizard (D:15)
  3 lindwurms (Vaults:1)
  4 ironbound convokers (Vaults:1)
  11 deep elf zephyrmancers
  4 steelbarb worms
  A phantasmal warrior (Vaults:1)
  7 deep elf archers
  19 deep elf pyromancers
  3 orc knights
  20 wolf spiders
  14 harpies
  3 necromancers
  5 cyclopes
  2 orc sorcerers
  12 manticores
  4 elephants (Lair:5)
  5 fauns (Shoals:2)
  8 ugly things
  A faun (shapeshifter) (Elf:2)
  7 moths of wrath
  4 merfolk sirens (Shoals:2)
  4 vault sentinels (Vaults:1)
  4 black mambas
  A naga mage (D:15)
  7 demonic crawlers
  11 water nymphs
  6 torpor snails
  4 gargoyles
  9 cane toads
  2 large abominations (Elf:1)
  6 rime drakes
  4 freezing wraiths
  4 unseen horrors
  3 kobold demonologists
  3 unseen horror zombies (D:9)
  2 efreet (D:14)
  2 tengu conjurers (D:15)
  8 komodo dragons
  9 meliai
  27 merfolk
  8 trolls
  12 wind drakes
  17 tarantellas
  A polar bear (Lair:5)
  A blink frog (shapeshifter) (Elf:3)
  A wolf spider simulacrum (D:15)
  18 blink frogs
  Grinder (D:3)
  A harpy skeleton (D:15)
  14 slime creatures
  3 snapping turtles
  A dream sheep (Lair:1)
  29 jumping spiders
  A vampire (D:12)
  9 wraiths
  31 water elementals
  8 air elementals
  19 culicivoras
  16 humans (D:14)
  3 fire elementals
  3 wyverns
  79 yaks
  2 steam dragons (Shoals:3)
  A basilisk (Lair:4)
  61 redbacks
  Grum (D:9)
  2 vampire mosquitoes
  9 wargs
  13 water moccasins
  4 acid dragons
  A meliai simulacrum (D:15)
  49 orc warriors
  A hornet zombie (D:15)
  A black bear (Lair:5)
  An ice beast (D:6)
  10 ogres
  4 boggarts
  23 wolves
  9 centaurs
  A lemure (D:8)
  A phantom (D:4)
  2 elf zombies (Elf:1)
  A gnoll sergeant (D:6)
  7 kobold brigands
  5 necrophages (D:9)
  15 bullfrogs
  2 earth elementals
  5 scorpions
  5 wights (D:7)
  8 killer bees
  9 electric eels
  6 howler monkeys
  A human zombie (D:9)
  2 jellies (Lair:4)
  25 orc priests
  2 gnoll boudas
  7 hounds
  A sleepcap (D:6)
  Jessica (D:3)
  An iguana (D:5)
  29 orc wizards
  A boggart zombie (D:15)
  A killer bee zombie (D:9)
  A boggart simulacrum (D:12)
  2 mummies (D:9)
  23 gnolls
  6 adders
  2 shadow imps
  3 white imps
  An ufetubus (D:5)
  2 dart slugs
  4 worms
  100 orcs
  8 ball pythons
  5 endoplasms
  4 giant cockroaches
  9 goblins
  4 hobgoblins
  3 jackals (D:5)
  A jackal (shapeshifter) (Elf:3)
  2 quokkas (D:4)
  7 bats
  3 frilled lizards
  24 kobolds
  5 rats
1286 creatures vanquished.

Vanquished Creatures (others)
  A ghost moth (Spider:4)
  3 deep elf knights (Elf:1)
  A deep elf pyromancer (Elf:1)
  A deep elf zephyrmancer (Elf:3)
  A manticore (Shoals:4)
  A tarantella (Spider:4)
  A jumping spider (Spider:3)
  An orc (Elf:1)
  58 spectral weapons
68 creatures vanquished.

Grand Total: 1354 creatures vanquished

Notes
Turn   | Place    | Note
-------+----------+-------------------------------------------
     0 | D:1      | Peloso the Minotaur Fighter began the quest for the Orb.
     0 | D:1      | Reached XP level 1. HP: 19/19 MP: 0/0
   138 | D:1      | Reached XP level 2. HP: 27/27 MP: 1/1
   233 | D:1      | Reached skill level 4 in Shields
   258 | D:1      | Found Rerofau's Weapon Shoppe.
   329 | D:1      | Reached XP level 3. HP: 33/33 MP: 2/2
  1045 | D:2      | Found Coge's Magic Scroll Emporium.
  1086 | D:2      | Bought a scroll of magic mapping for 75 gold pieces
  1252 | D:2      | Found a faded altar of an unknown god.
  1567 | D:3      | Reached XP level 4. HP: 40/40 MP: 3/3
  1725 | D:3      | Noticed Grinder
  1728 | D:3      | Paralysed by Grinder for 5 turns
  1737 | D:3      | Paralysed by Grinder for 2 turns
  1739 | D:3      | Killed Grinder
  1740 | D:3      | Reached skill level 5 in Armour
  1740 | D:3      | Reached skill level 1 in Dodging
  1740 | D:3      | Reached XP level 5. HP: 35/47 MP: 4/4
  1740 | D:3      | Reached XP level 6. HP: 40/53 MP: 5/5
  1804 | D:3      | Noticed Jessica
  1807 | D:3      | Killed Jessica
  1808 | D:3      | Reached skill level 5 in Fighting
  1999 | D:4      | Reached skill level 5 in Long Blades
  2310 | D:4      | Found a staircase to the Ecumenical Temple.
  2358 | D:4      | Reached XP level 7. HP: 44/61 MP: 6/6
  2847 | Temple   | Entered the Ecumenical Temple
  2855 | Temple   | Became a worshipper of Warmaster Okawaru
  2874 | D:5      | Entered Level 5 of the Dungeon
  3647 | D:5      | Reached skill level 5 in Shields
  3741 | D:5      | Reached * piety under Okawaru
  3742 | D:5      | Reached XP level 8. HP: 55/70 MP: 7/7
  4229 | D:5      | Found a shimmering blue altar of Sif Muna.
  4352 | D:5      | Identified a scroll of acquirement
  5545 | D:6      | Found a snail-covered altar of Cheibriados.
  5888 | D:7      | Reached XP level 9. HP: 70/78 MP: 8/8
  6883 | D:8      | Reached ** piety under Okawaru
  6954 | D:8      | Reached skill level 10 in Long Blades
  7101 | D:8      | Reached skill level 6 in Shields
  7347 | D:8      | Noticed Pikel
  7368 | D:8      | Killed Pikel
  7530 | D:8      | Reached *** piety under Okawaru
  7538 | D:8      | Reached skill level 1 in Evocations
  7803 | D:9      | Found a sacrificial altar of Ru.
  7812 | D:9      | Found a shimmering altar of Xom.
  7891 | D:9      | Found an ancient bone altar of Kikubaaqudgha.
  7906 | D:9      | Reached XP level 10. HP: 85/88 MP: 9/9
  8002 | D:9      | Reached skill level 10 in Armour
  8002 | D:9      | Reached skill level 7 in Shields
  8145 | D:9      | Noticed Grum
  8173 | D:8      | Reached **** piety under Okawaru
  8187 | D:9      | Killed Grum
  8355 | D:9      | Noticed Harold
  8380 | D:9      | Killed Harold
  9106 | D:8      | Reached ***** piety under Okawaru
  9110 | D:8      | Reached skill level 8 in Shields
  9339 | D:10     | Entered Level 10 of the Dungeon
  9406 | D:10     | Noticed an orange crystal statue
  9431 | D:10     | Reached XP level 11. HP: 91/97 MP: 8/10
 10430 | D:10     | Found a staircase to the Lair.
 10709 | D:11     | Noticed a two-headed ogre
 10718 | D:11     | Killed a two-headed ogre
 10964 | D:11     | Noticed a two-headed ogre
 10976 | D:11     | Killed a two-headed ogre
 10977 | D:11     | Reached skill level 10 in Fighting
 11053 | D:11     | Noticed a two-headed ogre
 11075 | D:11     | Killed a two-headed ogre
 11075 | D:11     | Identified the +3 pair of boots of Lust {rN++ Will-}
                  | (Okawaru gifted it to you on level 11 of the Dungeon)
 11075 | D:11     | Received a gift from Okawaru
 11303 | D:11     | Reached ****** piety under Okawaru
 11814 | D:2      | Bought a scroll of enchant weapon for 75 gold pieces
 11814 | D:2      | Bought a scroll of blinking for 75 gold pieces
 11814 | D:2      | Bought 2 scrolls of magic mapping for 150 gold pieces
 11941 | Lair:1   | Entered Level 1 of the Lair of Beasts
 12177 | Lair:1   | Reached skill level 1 in Invocations
 12417 | Lair:1   | Reached skill level 9 in Shields
 12658 | Lair:1   | Reached XP level 12. HP: 101/110 MP: 12/12
 12757 | Lair:1   | Noticed raetorn's ghost (journeyman HOMo)
 12773 | Lair:1   | Found a transporter.
 12779 | Lair:1   | Found a transporter.
 14157 | Lair:2   | Reached skill level 10 in Shields
 14207 | Lair:2   | Identified the +0 pair of boots of Responsibility {Regen+}
                  | (Okawaru gifted it to you on level 2 of the Lair of Beasts)
 14207 | Lair:2   | Received a gift from Okawaru
 14658 | Lair:2   | Found a staircase to the Shoals.
 14916 | Lair:2   | Reached skill level 5 in Dodging
 15415 | Lair:2   | Reached skill level 15 in Long Blades
 15665 | Lair:3   | Identified the +1 robe of Complete Protection {Dex+4}
 15687 | Lair:3   | Found the +8 frozen axe "Frostbite" {freeze, freezing
                  | cloud, *Noise Fly rC+}
 15726 | Lair:3   | Identified the +3 leather armour of Anosuuqe {Will+ rCorr
                  | Str+4 Dex-2}
 16009 | Lair:3   | Reached XP level 13. HP: 112/119 MP: 13/13
 16253 | Lair:3   | Found a hole to the Spider Nest.
 16849 | D:12     | Reached skill level 11 in Shields
 17055 | D:12     | Identified the +3 scimitar of Tortfeasance {spect, rPois
                  | rCorr} (Okawaru gifted it to you on level 12 of the
                  | Dungeon)
 17055 | D:12     | Received a gift from Okawaru
 17364 | D:12     | Found a staircase to the Orcish Mines.
 17699 | D:12     | Reached skill level 1 in Stealth
 17976 | D:12     | You fall into a shaft and drop 3 floors!
 17976 | D:15     | Entered Level 15 of the Dungeon
 17988 | D:15     | Received a gift from Okawaru
 18077 | D:14     | Noticed Rupert
 18085 | D:14     | Killed Rupert
 18207 | D:14     | Identified the scarf of the Tundras {rC+ rF+, rElec MP+9
                  | Stlth+} (Okawaru gifted it to you on level 14 of the
                  | Dungeon)
 18207 | D:14     | Received a gift from Okawaru
 18320 | D:14     | Reached skill level 12 in Shields
 18343 | D:14     | HP: 3/124 [boulder beetle (12)]
 18499 | D:14     | Reached XP level 14. HP: 133/133 MP: 14/14
 18652 | D:14     | Found a gate to the Vaults.
 18685 | D:14     | Reached skill level 15 in Armour
 19482 | D:13     | Reached skill level 15 in Fighting
 20086 | Lair:4   | Identified the +12 crystal plate armour of a wizard's
                  | laboratory {SInv} (Okawaru gifted it to you on level 4 of
                  | the Lair of Beasts)
 20086 | Lair:4   | Received a gift from Okawaru
 20125 | Lair:4   | Noticed Snorg
 20138 | Lair:4   | Killed Snorg
 20359 | Lair:4   | Found a runed translucent door.
 20361 | Lair:4   | Found a viscous altar of Jiyva.
 20363 | Lair:4   | Found a staircase to the Slime Pits.
 20882 | Lair:5   | Entered Level 5 of the Lair of Beasts
 20948 | Lair:5   | Noticed Urug
 20956 | Lair:5   | Killed Urug
 21168 | Lair:5   | Reached skill level 13 in Shields
 21526 | Lair:5   | Reached XP level 15. HP: 130/143 MP: 15/15
 21560 | Lair:5   | Identified the +1 pair of gloves "Fumnib" {rN+ Int+3
                  | Slay+3} (Okawaru gifted it to you on level 5 of the Lair of
                  | Beasts)
 21560 | Lair:5   | Received a gift from Okawaru
 21632 | Lair:5   | Identified the +9 plate armour of Guleluti {rF+ Stlth+}
 21651 | Lair:5   | Identified the +2 arbalest of the Rattlesnake {heavy, rC+
                  | Will+ rCorr Dex-2}
 23008 | D:15     | Found a staircase to the Depths.
 23489 | Orc:1    | Entered Level 1 of the Orcish Mines
 23803 | Orc:2    | Entered Level 2 of the Orcish Mines
 24130 | Orc:2    | Found a staircase to the Elven Halls.
 24239 | Orc:2    | Found Teiqishusi's Assorted Antiques.
 24331 | Orc:2    | Found Oczib's General Store.
 24386 | Orc:2    | Reached skill level 14 in Shields
 24396 | Orc:2    | Identified the +2 triple sword of Vengeance {protect,
                  | Str+2} (Okawaru gifted it to you on level 2 of the Orcish
                  | Mines)
 24396 | Orc:2    | Received a gift from Okawaru
 24481 | Orc:2    | Found Okogunou's Antique Weapon Shoppe.
 24484 | Orc:2    | Found Duzaerof's Antique Armour Emporium.
 24495 | Orc:2    | Bought an encrusted plate armour for 812 gold pieces
 24495 | Orc:2    | Identified the +6 plate armour "Fibye" {rC+ Dex+2} (You
                  | bought it in a shop on level 2 of the Orcish Mines)
 24944 | Orc:1    | You fall into a shaft and drop 1 floor!
 25384 | Lair:1   | Killed raetorn's ghost
 25627 | Spider:1 | Entered Level 1 of the Spider Nest
 25784 | Spider:1 | Received a gift from Okawaru
 25845 | Spider:1 | Reached skill level 15 in Shields
 26179 | Spider:1 | Noticed Jorgrun
 26187 | Spider:1 | Killed Jorgrun
 26188 | Spider:1 | Reached XP level 16. HP: 152/154 MP: 16/16
 26686 | Spider:2 | Reached skill level 16 in Shields
 26874 | Spider:2 | Identified the +0 chain mail "Xanuxt" {Int+5} (Okawaru
                  | gifted it to you on level 2 of the Spider Nest)
 26874 | Spider:2 | Received a gift from Okawaru
 27137 | Spider:2 | Gained mutation: Your body sometimes deteriorates upon
                  | taking damage. [mutagenic glow]
 27662 | Shoals:1 | Entered Level 1 of the Shoals
 27662 | Shoals:1 | You fall into a shaft and drop 1 floor!
 27728 | Shoals:2 | Reached skill level 17 in Shields
 28071 | Shoals:2 | Noticed Donald
 28099 | Shoals:2 | Killed Donald
 28193 | Shoals:2 | Noticed Ilsuiw
 28259 | Shoals:2 | Killed Ilsuiw
 28742 | Shoals:2 | Received a gift from Okawaru
 28765 | Shoals:2 | Noticed Nikola
 28785 | Shoals:2 | Killed Nikola
 29031 | Shoals:1 | Found Ysyg's Antique Weapon Emporium.
 29034 | Shoals:1 | Found Sourim's Book Shoppe.
 29087 | Shoals:1 | Reached skill level 5 in Stealth
 29208 | Shoals:1 | Noticed Mlioglotl
 29209 | Shoals:1 | Noticed a quicksilver dragon
 29219 | Shoals:1 | Noticed a tentacled starspawn
 29219 | Shoals:1 | Killed Mlioglotl
 29337 | Shoals:1 | Reached XP level 17. HP: 147/163 MP: 17/17
 29404 | Shoals:1 | Noticed Josephine
 29415 | Shoals:1 | Killed Josephine
 29416 | Shoals:1 | Reached skill level 18 in Shields
 29504 | Shoals:1 | Found Luotz's Antique Armour Boutique.
 30147 | D:15     | Lost mutation: Your body sometimes deteriorates upon taking
                  | damage. [potion of mutation]
 30147 | D:15     | Gained mutation: Your flesh is cold resistant. (rC+)
                  | [potion of mutation]
 30219 | Elf:1    | Entered Level 1 of the Elven Halls
 30237 | Elf:1    | Paralysed by an air elemental for 1 turns
 30245 | Elf:1    | Received a gift from Okawaru
 30521 | Elf:1    | Found Viukhodi's Weapon Emporium.
 30917 | Elf:1    | Noticed an Ice Fiend
 31000 | Elf:1    | Received a gift from Okawaru
 31280 | Elf:2    | Noticed Roxanne
 31296 | Elf:2    | Killed Roxanne
 31413 | Elf:2    | Found Sanengoh's Weapon Boutique.
 31705 | Elf:2    | Found a runed translucent gate.
 31705 | Elf:2    | Found a runed translucent gate.
 31705 | Elf:2    | Found a runed translucent gate.
 32613 | Spider:3 | Identified the +7 spear "Kurep" {heavy, rPois Will- Int+5
                  | Stlth-} (Okawaru gifted it to you on level 3 of the Spider
                  | Nest)
 32613 | Spider:3 | Received a gift from Okawaru
 33015 | Spider:4 | Entered Level 4 of the Spider Nest
 33165 | Spider:4 | Reached skill level 19 in Shields
 33301 | Spider:4 | Noticed Mara
 33312 | Spider:4 | Noticed Peloso's illusion
 33598 | Spider:4 | Noticed Peloso's illusion
 33604 | Spider:4 | Killed Mara
 33893 | Spider:4 | Reached XP level 18. HP: 137/176 MP: 4/18
 34189 | Spider:4 | Received a gift from Okawaru
 34431 | Spider:4 | Got a gossamer rune of Zot
 35248 | Shoals:3 | Found a runed translucent gate.
 35248 | Shoals:3 | Found a runed translucent gate.
 35249 | Shoals:3 | Found a runed translucent gate.
 35282 | Shoals:3 | Noticed Graphine's ghost (journeyman MfGl)
 35534 | Shoals:4 | Entered Level 4 of the Shoals
 35697 | Shoals:4 | Reached skill level 20 in Shields
 35731 | Shoals:4 | Paralysed by an air elemental for 1 turns
 35736 | Shoals:4 | Paralysed by an air elemental for 1 turns
 36053 | Shoals:4 | Paralysed by an air elemental for 1 turns
 36058 | Shoals:4 | Paralysed by an air elemental for 1 turns
 36064 | Shoals:4 | Paralysed by an air elemental for 1 turns
 36207 | Shoals:4 | Identified the +2 ring mail "Tiegrup" {Rampage rC++ rN+
                  | Str+3}
 36225 | Shoals:4 | Paralysed by an air elemental for 1 turns
 36231 | Shoals:4 | Identified the +0 chain mail of the Evening {Harm rF+++ rC+
                  | Str-4} (Okawaru gifted it to you on level 4 of the Shoals)
 36231 | Shoals:4 | Received a gift from Okawaru
 36245 | Shoals:4 | Identified the +0 leather armour of Unambiguity {Contam rF+
                  | rCorr Dex+3}
 36813 | Shoals:4 | Got a barnacled rune of Zot
 36827 | Shoals:4 | Identified the staff of air "Vohix" {rElec rC- Will+ SInv}
 36981 | Shoals:4 | Paralysed by an air elemental for 1 turns
 37436 | Vaults:1 | Entered Level 1 of the Vaults
 37847 | Vaults:1 | Paralysed by a great orb of eyes for 5 turns
 38053 | Vaults:1 | Identified the +3 double sword of Youthful Indiscretion
                  | {heavy, rF+ rC+ rN+} (Okawaru gifted it to you on level 1
                  | of the Vaults)
 38053 | Vaults:1 | Received a gift from Okawaru
 38054 | Vaults:1 | Reached skill level 21 in Shields
 38145 | Vaults:1 | Reached XP level 19. HP: 107/185 MP: 19/19
 38151 | Vaults:1 | Identified the +0 ring mail "Wuemap" {rElec rC+ Slay+3}
 38592 | Vaults:1 | Found a transporter.
 38629 | Vaults:1 | Found a transporter.
 38984 | Vaults:1 | Found a portal to a secret trove of treasure.
 39108 | Vaults:1 | Received a gift from Okawaru
 39143 | Vaults:1 | Identified the ring of Prescription {Fire rPois Stlth+}
 39154 | Vaults:1 | Identified the ring "Voosteh" {*Corrode rElec rC+ Str+3
                  | Dex+3}
 39493 | Elf:3    | Entered Level 3 of the Elven Halls
 39714 | Elf:3    | Noticed a Tzitzimitl
 39886 | Elf:3    | Paralysed by an air elemental for 1 turns
 40241 | Elf:3    | Noticed Aizul
 40250 | Elf:3    | Killed Aizul
 40642 | Elf:3    | Identified the +6 trident "Eneunita" {speed, Dex+4}
 40660 | Elf:3    | Killed from afar by a deep elf annihilator

Illustrated notes

Levels and vault maps discovered:
D:1:      eino_arrival_cavern_b, layout_basic, serial_shops, shop,
          serial_forest, infiniplex_forest_clump_double,
          infiniplex_forest_clump_medium, infiniplex_forest_straight_2,
          infiniplex_forest_straight_5, infiniplex_forest_lined_3, minivault_26,
          hangedman_decor_peaks_small
D:2:      layout_rooms, dreamdust_ecumenical_altar_grove, serial_shops, shop,
          hangedman_abyss_or_decor_stabs, chequers_serial_rivers_room_b
D:3:      layout_rooms, uniq_grinder, uniq_jessica
D:4:      layout_loops_ring, minmay_temple_entry_glass
D:5:      kennysheep_spiral_hall, layout_loops_corners, lemuel_blue_sif_altar
D:6:      layout_rooms, slow_altar_2
D:7:      layout_loops_ring
D:8:      layout_loops_cross, minivault_22, eino_tiny_chamber,
          serial_bayou_lake_a, uniq_pikel
D:9:      minmay_goldmine, layout_cave_pools, mainiacjoe_overflow_swirl,
          lemuel_mausoleum_altar_kikubaaqudgha, uniq_grum, uniq_harold
D:10:     layout_roguey, erik_lair_island, minmay_protected_statue
D:11:     layout_irregular_city, kennysheep_nub
D:12:     minmay_quarter_circles, layout_basic, orc_0_dummy
D:13:     layout_rooms
D:14:     layout_rooms, david_vaults_3, kennysheep_nondescript, uniq_rupert
D:15:     grunt_enter_depths_magical_seal, layout_cave_pools,
          dreamdust_princess_corridor
Temple:   sentei_temple_godly_chess
Lair:1:   layout_cave_pods, nzn_ghost_randoct
Lair:2:   layout_cave_pods, nicolae_shoals_entry_roost
Lair:3:   layout_regular_city, spider_nest_entry_rubble
Lair:4:   layout_regular_city, slime_entry_2, minivault_24, minivault_25,
          uniq_snorg
Lair:5:   grunt_lair_end_beastmaster, layout_regular_city, uniq_urug
Shoals:1: layout_shoals, serial_shops, nicolae_shop_back_alley_shop, shop, shop,
          uniq_josephine, uniq_mlioglotl
Shoals:2: layout_shoals, uniq_donald, uniq_ilsuiw, uniq_nikola
Shoals:3: layout_shoals, gammafunk_ghost_necromancy, nicolae_shoals_drake_roost
Shoals:4: shoals_end_hellmonk_storm_palace [storm_palace_center_square,
          storm_palace_corner_pillars, storm_palace_corner_grid,
          storm_palace_corner_pillars, storm_palace_corner_blocked]
Spider:1: layout_spider_delve, uniq_jorgrun
Spider:2: layout_spider_delve
Spider:3: layout_spider_delve
Spider:4: grunt_spider_rune_parallel, uniq_mara
Orc:1:    layout_diamond_mine
Orc:2:    grunt_orc_community_town_hall, layout_diamond_mine,
          grunt_orc_community_big_house_2, grunt_orc_community_big_house_1,
          grunt_orc_community_house_2, grunt_orc_community_house_2,
          grunt_orc_community_house_3, grunt_orc_community_house_2,
          grunt_orc_community_house_1
Elf:1:    eino_elf_arrival_shootout, layout_geoelf_octagon, serial_shops,
          nicolae_take_the_stairs, minmay_elf_necromancy
Elf:2:    nicolae_elf_blades_splatter_lattice [nicolae_blade_entry_antechamber],
          layout_rooms, serial_shops, shop, uniq_roxanne
Elf:3:    minmay_elf_hall_dome, layout_gridlike, uniq_aizul
Vaults:1: nicolae_vaults_disjoint_gnomons, vaults_mumra_lcd,
          nicolae_vaults_closet_pinwheel_1, gammafunk_its_a_trap,
          vaults_room_fancy_cross, v_pattern_4,
          nicolae_vaults_variable_pillar_hall_cross,
          nicolae_vaults_more_shelving_1, vaults_room_door_ring,
          nicolae_vaults_border_crossing, nicolae_vaults_specimen_jars,
          nicolae_vaults_surprise_closet, layout_vaults_omnibox,
          nicolae_trove_entry_crossroad

Skill      XL: |  1  2  3  4  5  6  7  8  9 10 11 12 13 14 15 16 17 18 19 |
---------------+----------------------------------------------------------+-----
Armour         | 4 5 6 8 9 10 12 13 14 16 17 18 19 20 | 20.1
Shields        | 4 5 6 8 9 10 12 13 15 17 19 21 | 21.7
Fighting       | 4 5 6 7 9 11 12 14 15 16 17 19 20 | 20.5
Long Blades    | 3 4 6 7 8 10 12 14 15 16 17 18 19 20 | 20.8
Dodging        | 1 2 3 4 5 6 |  6.8
Evocations     | 1 |  1.8
Invocations    | 1 2 |  2.6
Stealth        | 1 3 4 5 6 |  6.4

Action                     |  1- 3 |  4- 6 |  7- 9 | 10-12 | 13-15 | 16-18 | 19-21 || total
---------------------------+-------+-------+-------+-------+-------+-------+-------++-------
  Melee: Long sword        |    92 |    95 |   450 |   915 |   149 |       |       ||  1701
         Headbutt          |     8 |    18 |    87 |   250 |   386 |   556 |    68 ||  1373
         Scimitar          |       |       |       |       |  1224 |  1781 |   234 ||  3239
 Invoke: Heroism           |       |       |     1 |     7 |     9 |    15 |     3 ||    35
  Evoke: Wand              |       |       |     9 |     3 |       |       |       ||    12
    Use: Potion            |     4 |     2 |       |       |     2 |    15 |       ||    23
         Scroll            |       |     4 |     9 |     4 |     9 |     8 |     1 ||    35
   Stab: Distracted        |       |       |       |       |    20 |    35 |     5 ||    60
         Petrified         |       |       |       |       |     3 |       |       ||     3
 Armour: Scale mail        |    62 |    26 |       |       |       |       |       ||    88
         Chain mail        |       |    26 |   164 |   515 |   129 |       |       ||   834
         Plate armour      |       |       |    67 |       |   208 |       |       ||   275
         Crystal plate arm |       |       |       |       |   598 |  1221 |   119 ||  1938
  Dodge: Dodged            |    58 |    30 |   161 |   431 |   446 |   499 |    47 ||  1672
  Block: Buckler           |    28 |    26 |    99 |   282 |   285 |       |       ||   720
         Kite shield       |       |       |       |       |   491 |  1580 |   148 ||  2219
         Reflection        |       |       |       |       |    12 |    75 |    20 ||   107
